 Dungeon Crawl Stone Soup version 0.31.0-12-g77e489cdc1 (webtiles) character file.

Game seed: 4690111811174755441

254 Gadfly the Ruffian (level 5, 0/38 HPs)
             Began as a Demonspawn Shapeshifter on Mar 3, 2024.
             Slain by an orc warrior
             ... wielding a +0 hand axe
              (3 damage)
             ... on level 4 of the Dungeon.
             The game lasted 00:08:08 (4705 turns).

Gadfly the Ruffian (Demonspawn Shapeshifter)        Turns: 4705, Time: 00:08:08

Health: 0/38       AC:  3    Str: 16    XL:     5   Next: 91%
Magic:  5/5        EV: 17    Int: 11    God:
Gold:   206        SH:  4    Dex: 12    Spells: 4/4 levels left

rFire   . . .        b - +2 dagger (venom)
rCold   . . .        (no shield)
rNeg    . . .        o - +1 animal skin
rPois   .            p - melded +0 helmet
rElec   .            l - melded scarf {rC+ rF+}
rCorr   .            (gloves currently unavailable)
SInv    .            g - melded +0 pair of boots
Will    .....        (no amulet)
Stlth   +            m - ring of flight
HPRegen 0.26/turn    (no ring)
MPRegen 0.09/turn

%: no passive effects
@: agile, beast-form, flying
A: beast (slay +1), large bone plates 1, ignite blood 1, powered by pain 1
a: Begin Untransformation


You were on level 4 of the Dungeon.
You were a hulking beast.
You visited 2 branches of the dungeon, and saw 5 of its levels.

You collected 254 gold pieces.
You spent 48 gold pieces at shops.

Inventory:

Hand Weapons
 b - a +2 dagger of venom (weapon)
Armour
 g - a +0 pair of boots (melded)
 k - an orb of wrath
 l - a scarf of resistance (melded)
 o - a +1 animal skin (worn)
 p - a +0 helmet (melded)
Jewellery
 m - a ring of flight (left hand)
Talismans
 d - a flux talisman
 e - a beast talisman (active)
Scrolls
 f - a scroll of fear
 j - a scroll of poison
 n - a scroll of enchant armour
 q - a scroll of revelation {unknown}
Potions
 a - 3 potions of lignification
 c - 2 potions of heal wounds
 h - a potion of cancellation
 i - 2 potions of enlightenment
 r - a potion of curing {unknown}
 s - a potion of mutation {unknown}
 t - a potion of invisibility {unknown}


   Skills:
 + Level 2.2 Fighting
 + Level 2.6 Dodging
 * Level 3.9 Unarmed Combat
 + Level 2.9 Evocations
 * Level 3.2 Shapeshifting


You had 4 spell levels left.
You didn't know any spells.
Your spell library contained the following spells:

 Spells                   Type           Power      Damage    Failure   Level
 Kiss of Death            Conj/Necr      0%         2d5       34%         1
 Lesser Beckoning         Tloc           0%         N/A       47%         2
 Confusing Touch          Hex            0%         N/A       71%         3
 Gell's Gravitas          Tloc           0%         N/A       71%         3
 Teleport Other           Tloc           0%         N/A       71%         3
 Tukima's Dance           Hex            0%         N/A       71%         3
 Dispel Undead            Necr           0%         3d6       98%         4
 Passage of Golubria      Tloc           0%         N/A       98%         4
 Yara's Violent Unravell  Hex/Alch       0%         3d3       100%        5


Dungeon Overview and Level Annotations

Branches:
Dungeon (4/15)             Temple (1/1) D:4

Altars:
Ashenzari
Dithmenos
Gozag
Hepliaklqana
Makhleb
Nemelex Xobeh
Okawaru
Trog
Vehumet
Wu Jian
Yredelemnul
Lugonu

Shops:
D:1 ?   D:4 =


Innate Abilities, Weirdness & Mutations

You are a hulking beast.
Your limbs bulge with bestial killing power. (Slay +1)
You are partially covered in large bone plates. (SH +4)
Your demonic aura sometimes causes spilled blood to erupt in flames.
You sometimes gain a little power by taking damage.


Message History

The orc priest invokes the aid of Beogh against you.
Beogh smites you!
You focus on the pain.
You feel agile all of a sudden.
You hit the orc warrior but do no damage.
The orc warrior is poisoned.
The orc priest mumbles some strange prayers to Beogh against you.
Beogh smites you!
You are too injured to fight recklessly!
You are too injured to fight recklessly!
You are too injured to fight recklessly!
You are too injured to fight recklessly!
You are too injured to fight recklessly!
You are too injured to fight recklessly!
You are too injured to fight recklessly!
You are too injured to fight recklessly!
You are too injured to fight recklessly!
You are too injured to fight recklessly!
You are too injured to fight recklessly!
You are too injured to fight recklessly!
You are too injured to fight recklessly!
You are too injured to fight recklessly!
You are too injured to fight recklessly!
You are too injured to fight recklessly!
Unknown command.
You are too injured to fight recklessly!
You are too injured to fight recklessly!
Unknown command.
You are too injured to fight recklessly!
Unknown command.
You are too injured to fight recklessly!
Unknown command.
You barely miss the orc warrior.
The orc warrior is lightly wounded.
The orc priest hits you from afar with a +0 trident.
The orc warrior hits you with a +0 hand axe!
* * * LOW HITPOINT WARNING * * *
Unknown command.
The orc warrior attacks as it pursues you!
The orc warrior hits you with a +0 hand axe.
You die...

#..... ....... #.....
....... #..... .......
#..... #.......# #.....
#.......# #...o.
#........
#.....##.......#
#....ooh.......##..
#..................
#.................
#.....##..........
#..... #.......#########
#....)##.......#........
#..............#........
#..............#........
#..........[...#........


You could see an orc warrior (very poisoned) and 2 orc priests.

Vanquished Creatures
  Natasha (thrice) (D:2)
  Terence (D:2)
  Robin (D:2)
  5 adders (D:2)
  2 ribbon worms
  3 dart slugs
  An orc (D:3)
  11 endoplasms
  A giant cockroach (D:2)
  15 goblins
  7 hobgoblins
  2 jackals (D:4)
  9 kobolds
  4 quokkas
  8 ball pythons
  6 bats
  2 frilled lizards
  5 rats
86 creatures vanquished.

Notes
Turn   | Place    | Note
-------+----------+-------------------------------------------
     0 | D:1      | Gadfly the Demonspawn Shapeshifter began the quest for the
                  | Orb.
     0 | D:1      | Reached XP level 1. HP: 15/15 MP: 1/1
   124 | D:1      | Gained mutation: You are partially covered in large bone
                  | plates. (SH +4) [demonic ancestry]
   124 | D:1      | Reached XP level 2. HP: 7/21 MP: 2/2
   516 | D:1      | Found Zilamp's Magic Scroll Shop.
   533 | D:1      | Bought a scroll of fear for 48 gold pieces
   594 | D:1      | Reached skill level 1 in Evocations
  1033 | D:2      | Reached XP level 3. HP: 26/26 MP: 3/3
  1090 | D:2      | Noticed Terence
  1111 | D:2      | Killed Terence
  1221 | D:2      | Gained mutation: You sometimes gain a little power by
                  | taking damage. [demonic ancestry]
  1221 | D:2      | Reached XP level 4. HP: 19/33 MP: 4/4
  1542 | D:2      | You fall into a shaft and drop 2 floors!
  1639 | D:3      | Found a faded altar of an unknown god.
  1946 | D:2      | Noticed Natasha
  1952 | D:2      | Killed Natasha
  2192 | D:2      | Gained mutation: Your demonic aura sometimes causes spilled
                  | blood to erupt in flames. [demonic ancestry]
  2192 | D:2      | Reached XP level 5. HP: 38/38 MP: 5/5
  2223 | D:2      | Noticed Robin
  2267 | D:2      | Killed Robin
  2599 | D:2      | Identified the +1 dagger of the Brain {venom, rC+ Int+3}
  2642 | D:2      | Noticed Natasha
  2654 | D:2      | Killed Natasha
  3044 | D:2      | Noticed Natasha
  3052 | D:2      | Killed Natasha
  3413 | D:3      | Found a basalt altar of Yredelemnul.
  3553 | D:3      | Found an iron altar of Okawaru.
  3582 | D:3      | Found a shadowy altar of Dithmenos.
  3991 | D:4      | Found a staircase to the Ecumenical Temple.
  4003 | Temple   | Entered the Ecumenical Temple
  4583 | D:4      | Found Ykkyox's Jewellery Shop.
  4698 | D:4      | Noticed an orc warrior
  4705 | D:4      | Slain by an orc warrior

Illustrated notes

Levels and vault maps discovered:
D:1:      minmay_arrival_three_doors, layout_rooms, serial_shops, shop,
          nicolae_figureground_sparkle
D:2:      layout_loops_corners, minmay_gold_behind_fungi,
          minmay_goblin_kobold_house, uniq_terence, uniq_natasha, uniq_robin
D:3:      layout_loops_ring, mainiacjoe_overflow_small_starburst,
          okawaru_metal_pillars_1_2, mainiacjoe_overflow_concentric_impassable,
          basic_ecumenical_altar
D:4:      layout_gridville, minmay_temple_entry_antechambers, serial_shops,
          shop, gup_sewer_entry_bubbles, kennysheep_another_room, uniq_ijyb
Temple:   corrupted_temple

Skill      XL: |  1  2  3  4 |
---------------+-------------+-----
Dodging        | 2 |  2.6
Evocations     | 1 2 |  2.9
Unarmed Combat | 3 |  3.9
Shapeshifting  | 3 |  3.2
Fighting       | 2 |  2.2

Action                     |  1- 3 |  4- 6 || total
---------------------------+-------+-------++-------
  Melee: Unarmed           |   104 |   103 ||   207
         Punch             |     2 |     6 ||     8
         Dagger            |       |    80 ||    80
Ability: Begin Untransform |       |     2 ||     2
    Use: Scroll            |     4 |     6 ||    10
         Potion            |       |     1 ||     1
   Stab: Sleeping          |     1 |     3 ||     4
         Distracted        |       |     1 ||     1
 Armour: Animal skin       |    38 |    76 ||   114
  Dodge: Dodged            |    68 |    86 ||   154
  Block: Other             |     7 |    27 ||    34
   Form: Beast             |       |     2 ||     2
         Flux              |       |     1 ||     1
